 Dungeon Crawl Stone Soup version 0.31-a0-523-g071a6c1ffa (webtiles) character file.

Game seed: 7765260494586944914

8412 AdnanSaban the Basher (level 11, -1/71 HPs)
             Began as a Gargoyle Fighter on Aug 11, 2023.
             Was a High Priest of Okawaru.
             Slain by a centaur (4 damage)
             ... on level 11 of the Dungeon.
             The game lasted 00:10:39 (11364 turns).

AdnanSaban the Basher (Gargoyle Fighter)           Turns: 11364, Time: 00:10:40

Health: -1/71      AC: 28    Str: 25    XL:     11   Next: 30%
Magic:  0/11       EV: 11    Int:  8    God:    Okawaru [*****.]
Gold:   616        SH:  6    Dex:  9    Spells: 10/10 levels left

rFire   + + .        h - +2 whip (venom)
rCold   + . .        c - +0 buckler
rNeg    + . .        N - +2 chain mail {rF+}
rPois   ∞            l - +2 hat
rElec   +            (no cloak)
rCorr   .            (no gloves)
SInv    .            I - +2 pair of boots {rampage}
Will    .....        o - amulet of guardian spirit
Stlth   +            J - ring of protection from cold
HPRegen 0.31/turn    L - ring of protection from fire
MPRegen 0.12/turn

%: guardian spirit, rampage
@: heroic, studying Fighting
A: sickness immunity, AC +8, negative energy resistance 1, electricity
resistance, torment resistance 1, petrification resistance
a: Renounce Religion, Heroism, Finesse, Duel


You were on level 11 of the Dungeon.
You worshipped Okawaru.
Okawaru was extremely pleased with you.
You visited 1 branch of the dungeon, and saw 12 of its levels.
You also visited: Sewer.

You collected 616 gold pieces.

Inventory:

Hand Weapons
 h - a +2 whip of venom (weapon)
 q - a +3 flail of holy wrath
Missiles
 f - 18 poisoned darts (quivered)
 M - a throwing net
Armour
 c - a +0 buckler (worn)
 l - a +2 hat (worn)
 I - a +2 pair of boots of rampaging (worn)
 N - a +2 chain mail of fire resistance (worn)
Jewellery
 o - an amulet of guardian spirit (around neck)
 y - a ring of ice
 J - a ring of protection from cold (left hand)
 L - a ring of protection from fire (right hand)
 P - a ring of positive energy
Wands
 n - a wand of roots (12)
 r - a wand of flame (66)
Scrolls
 e - 13 scrolls of identify {unknown}
 m - 2 scrolls of blinking {unknown}
 p - 2 scrolls of immolation {unknown}
 s - 8 scrolls of teleportation {unknown}
 t - a scroll of enchant weapon {unknown}
 u - 4 scrolls of amnesia {unknown}
 A - a scroll of torment {unknown}
 B - 2 scrolls of noise {unknown}
 D - 4 scrolls of fear {unknown}
 E - 2 scrolls of enchant armour {unknown}
 F - 2 scrolls of acquirement {unknown}
 G - a scroll of summoning {unknown}
 H - a scroll of revelation {unknown}
 Q - 2 scrolls of vulnerability {unknown}
Potions
 a - 6 potions of heal wounds {unknown}
 b - a potion of attraction {unknown}
 d - 3 potions of might
 g - 6 potions of mutation {unknown}
 i - 6 potions of curing {unknown}
 j - 2 potions of berserk rage {unknown}
 k - 2 potions of ambrosia {unknown}
 v - a potion of lignification {unknown}
 w - 2 potions of enlightenment {unknown}
 x - a potion of magic {unknown}
 z - 2 potions of haste {unknown}
 C - a potion of resistance {unknown}
 K - a potion of cancellation {unknown}
 O - a potion of degeneration {unknown}
 R - 2 potions of brilliance {unknown}


   Skills:
 + Level 9.1(14.1) Fighting
 + Level 10.7(15.7) Maces & Flails
 + Level 0.1(5.1) Throwing
 + Level 9.3(14.3) Armour
 + Level 4.6(9.6) Dodging
 + Level 2.1(7.1) Stealth
 + Level 7.0(12.0) Shields
 * Level 0.7 Invocations


You had 10 spell levels left.
You didn't know any spells.
Your spell library contained the following spells:

 Spells                   Type           Power      Damage    Failure   Level
 Static Discharge         Conj/Air       0%         2-2/arc   94%         2
 Gell's Gravitas          Tloc           0%         N/A       99%         3
 Hailstorm                Conj/Ice       0%         3d3       99%         3
 Teleport Other           Tloc           0%         N/A       99%         3
 Airstrike                Air            0%         2d(0-16)  100%        4
 Arcjolt                  Conj/Air       0%         1d10      100%        5
 Dispersal                Tloc           0%         N/A       100%        6
 Eringya's Noxious Bog    Tmut/Pois      0%         4d6       100%        6
 Plasma Beam              Fire/Air       0%         2x1d10    100%        6
 Summon Ice Beast         Ice/Summ       Unusable   N/A       N/A         4
 Summon Forest            Summ/Tloc      Unusable   N/A       N/A         5
 Simulacrum               Ice/Necr       Unusable   N/A       N/A         6
 Summon Hydra             Summ           Unusable   N/A       N/A         7

Dungeon Overview and Level Annotations

Branches:
Dungeon (12/15)            Temple (0/1) D:6            Lair (0/5) D:11
  Sewer (visited)
    Orc: D:9-12

Altars:
Dithmenos
Fedhas
Okawaru
Ru
Sif Muna
Zin

Shops:
D:1 ?   D:9 !?(=

Annotations:
D:7 3 runed translucent doors, blacky4's ghost, novice GrFi; greenbourne's ghost, novice SpEn; niknal's ghost, novice TrWr


Innate Abilities, Weirdness & Mutations

You are immune to sickness and miasma.
Your stone body is resilient. (AC +8)
You are immune to poison.
You resist negative energy. (rN+)
You are resistant to electric shocks. (rElec)
You are resistant to unholy torment.
You are immune to petrification.


Message History

The howler monkey hoots and howls with incredible vigour!
You hear two shouts!
You hear a shout!
A troll comes into view.
There is a stone staircase leading up here.
The howler monkey hoots and howls with incredible vigour!
You hear a shout! x2
You climb upwards.
The centaur shoots an arrow.
The arrow misses you.
The arrow hits the howler monkey!
The orc completely misses you.
The centaur shoots an arrow.
The arrow hits you.
* * * LOW HITPOINT WARNING * * *
The orc hits you but does no damage.
There is a stone staircase leading down here.
The centaur shoots an arrow.
The arrow hits you.
* * * LOW HITPOINT WARNING * * *
The howler monkey hoots and howls with incredible vigour!
You hear a bellow!
The centaur shoots an arrow.
The arrow hits you but does no damage.
You closely miss the centaur.
The centaur unwields a +0 orcbow.
The centaur hits you.
* * * LOW HITPOINT WARNING * * *
The centaur kicks you but does no damage.
The centaur attacks as you move away!
The centaur hits you but does no damage.
The centaur kicks you but does no damage.
The centaur wields a +0 orcbow.
The centaur shoots an arrow.
You block the arrow.
The centaur shoots an arrow.
The arrow barely misses you.
The centaur shoots an arrow.
You block the arrow.
The howler monkey hoots and howls with incredible vigour!
You hear a bellow!
The orc attacks as you move away! The orc hits you but does no damage.
The centaur attacks as you move away!
The centaur unwields a +0 orcbow.
The centaur hits you but does no damage.
The centaur barely misses you. The orc attacks as you move away!
The orc hits you but does no damage.
The centaur wields a +0 orcbow.
The centaur shoots an arrow.
The arrow hits you.
* * * LOW HITPOINT WARNING * * *
You gain the combat prowess of a mighty hero.
The centaur unwields a +0 orcbow.
The centaur hits you.
You die...

#..# #...# #.>.# #...#
#.. #..# #...#
#...####...# #.. #..#
#...# #..........# #..
#..# #...# #..........#
#.. #..# #...#
#..........# #.. #..#
#...# #..#####...# #..
#..# #...# #h.# #...#
#.c #[.# #...# #oc#
#...# #.o #..# #...#
#@.# #o..# #.Y #..#
#...# #..# #..o# #..
#####..# #...# #..#
#...#####.. .......#
#...# #..# #......o...
#####..# #...###..#
#.......... #..#
#........# #...#####..
#..# #......o.#
###.....####. #..#
#........###.........##.
#..#
#........##...........#.


You could see a centaur, a howler monkey, an orc wizard and an orc.

Vanquished Creatures
  A deep elf zephyrmancer (D:9)
  An ugly thing (D:11)
  A manticore (D:11)
  A kobold demonologist (D:11)
  A troll (D:10)
  2 wyverns
  A shadow (D:11)
  2 wraiths
  5 yaks (D:11)
  2 steam dragons
  2 basilisks (D:11)
  3 vampire mosquitoes (D:9)
  An acid dragon (D:8)
  2 water moccasins
  3 orc warriors
  A sky beast (D:7)
  2 ice beasts (D:5)
  3 black bears
  2 ogres
  2 phantoms (D:5)
  3 centaurs
  2 kobold brigands
  2 bullfrogs (D:8)
  2 gnoll sergeants
  2 scorpions
  3 wights (D:8)
  9 killer bees
  3 howler monkeys
  A lava snake (D:10)
  A gnoll bouda (D:8)
  3 orc priests
  3 hounds
  4 jellies (Sewer)
  A sleepcap (D:7)
  13 orc wizards
  Natasha (thrice) (D:3)
  A scorpion zombie (D:5)
  3 iguanas
  2 hound zombies (D:5)
  18 adders
  25 gnolls
  A shadow imp (D:8)
  A white imp (D:7)
  3 ufetubi (D:6)
  An adder zombie (D:5)
  4 worms
  5 dart slugs
  28 orcs
  8 bats
  13 endoplasms
  10 giant cockroaches
  7 goblins
  8 hobgoblins
  8 jackals
  14 kobolds
  6 quokkas
  11 ball pythons
  5 frilled lizards
  9 rats
284 creatures vanquished.

Notes
Turn   | Place    | Note
-------+----------+-------------------------------------------
     0 | D:1      | AdnanSaban the Gargoyle Fighter began the quest for the
                  | Orb.
     0 | D:1      | Reached XP level 1. HP: 14/14 MP: 1/1
    60 | D:1      | Reached XP level 2. HP: 19/19 MP: 2/2
   286 | D:1      | Reached XP level 3. HP: 24/24 MP: 3/3
   706 | D:1      | Found Xeefumuo's Magic Scroll Boutique.
  1188 | D:2      | Reached XP level 4. HP: 23/29 MP: 4/4
  1261 | D:2      | Found a faded altar of an unknown god.
  1275 | D:2      | Reached skill level 3 in Maces & Flails
  1597 | D:3      | Found an iron altar of Okawaru.
  1624 | D:2      | Reached XP level 5. HP: 29/33 MP: 5/5
  1847 | D:3      | Became a worshipper of Warmaster Okawaru
  2043 | D:3      | Reached skill level 4 in Maces & Flails
  2045 | D:3      | Reached XP level 6. HP: 36/38 MP: 6/6
  2161 | D:3      | Noticed Natasha
  2168 | D:3      | Killed Natasha
  2223 | D:3      | Noticed Natasha
  2238 | D:3      | Killed Natasha
  2239 | D:3      | Reached skill level 5 in Armour
  2332 | D:3      | Noticed Natasha
  2336 | D:3      | Reached * piety under Okawaru
  2344 | D:3      | Killed Natasha
  2345 | D:3      | Reached skill level 1 in Dodging
  2465 | D:3      | Found a shimmering blue altar of Sif Muna.
  2629 | D:3      | You fall into a shaft and drop 1 floor!
  2739 | D:4      | Found a blossoming altar of Fedhas.
  2849 | D:4      | Reached XP level 7. HP: 43/44 MP: 7/7
  2999 | D:4      | Reached skill level 5 in Maces & Flails
  3786 | D:5      | Entered Level 5 of the Dungeon
  3878 | D:5      | Found a glowing drain.
  3900 | Sewer    | Entered a sewer
  4170 | Sewer    | Found a shimmering altar of Xom.
  4305 | Sewer    | Reached XP level 8. HP: 28/48 MP: 5/8
  4444 | D:5      | Got Sif Muna's Guide on Electricity
  4550 | D:5      | Reached skill level 6 in Maces & Flails
  4644 | D:5      | Reached ** piety under Okawaru
  4645 | D:5      | Reached skill level 5 in Fighting
  4854 | D:5      | Found a sacrificial altar of Ru.
  5193 | D:5      | Reached skill level 7 in Maces & Flails
  5286 | D:6      | Reached skill level 1 in Stealth
  5301 | D:6      | Reached XP level 9. HP: 40/55 MP: 7/9
  5514 | D:6      | Reached *** piety under Okawaru
  5644 | D:6      | Found a staircase to the Ecumenical Temple.
  5874 | D:7      | Reached skill level 5 in Shields
  6052 | D:7      | Found a glowing silver altar of Zin.
  6074 | D:7      | Reached skill level 8 in Maces & Flails
  7090 | D:7      | Found a runed translucent gate.
  7090 | D:7      | Found a runed translucent gate.
  7090 | D:7      | Found a runed translucent gate.
  7091 | D:7      | Noticed niknal's ghost (novice TrWr)
  7092 | D:7      | Noticed blacky4's ghost (novice GrFi)
  7092 | D:7      | Noticed greenbourne's ghost (novice SpEn)
  7189 | D:8      | Reached **** piety under Okawaru
  7493 | D:8      | Reached XP level 10. HP: 63/63 MP: 10/10
  7701 | D:8      | Reached skill level 9 in Maces & Flails
  8489 | D:9      | Found Wopiotot's Distillery.
  8831 | D:9      | Found a shadowy altar of Dithmenos.
  8964 | D:9      | Found Jelub's Jewellery Shoppe.
  8974 | D:9      | Found Xirez's Antique Weapon Shoppe.
  9010 | D:9      | Found Uvinamy's Magic Scroll Emporium.
  9240 | D:9      | Noticed a deep elf zephyrmancer
  9250 | D:9      | Killed a deep elf zephyrmancer
  9250 | D:9      | Reached ***** piety under Okawaru
  9318 | D:10     | Entered Level 10 of the Dungeon
  9783 | D:10     | Reached skill level 10 in Maces & Flails
 10274 | D:11     | Found a staircase to the Lair.
 10303 | D:11     | Reached XP level 11. HP: 34/69 MP: 7/11
 10597 | D:11     | Noticed a purple ugly thing
 10621 | D:11     | Killed a purple ugly thing
 11260 | D:11     | Noticed a manticore
 11281 | D:11     | Killed a manticore
 11330 | D:11     | HP: 3/71 [yak (2)]
 11340 | D:12     | Noticed a deep elf pyromancer
 11341 | D:12     | Noticed a cyclops
 11357 | D:11     | HP: 2/71 [centaur (4)]
 11362 | D:11     | HP: 2/71 [centaur/arrow (1)]
 11364 | D:11     | Slain by a centaur

Illustrated notes

Levels and vault maps discovered:
D:1:      matt_arrival_grand_opening, layout_basic, serial_shops,
          nicolae_shop_window_shopping
D:2:      layout_basic, dreamdust_ecumenical_altar_statues, bh_walls_and_bars
D:3:      layout_loops_cross, mainiacjoe_overflow_small_starburst,
          lemuel_blue_sif_altar, columned_hall_lemuel, uniq_natasha
D:4:      layout_basic, mainiacjoe_overflow_concentric_impassable,
          minmay_misc_feat_rugged
D:5:      nicolae_BIG_FREAKIN_CUBE, layout_loops_ring, nicolae_ru_awakened_eye,
          portal_sewer_entry_f, serial_undead, serial_undead_c, serial_undead_f,
          serial_undead_d, serial_undead_e
D:6:      layout_rooms, minmay_temple_entry_from_below_a,
          kennysheep_generic_room_2
D:7:      layout_rooms, zin_statuary, gammafunk_ghost_cemetery, corner_web_ring,
          nicolae_hexahallways
D:8:      layout_loops_corners, corexii_corridor_pit, dreamdust_wishing_well
D:9:      layout_loops_cross, lemuel_coloured_pillars_altar, serial_shops, shop,
          shop, shop, shop, hangedman_decor_points, guppyfry_early_elven_hall
D:10:     layout_irregular_city, kennysheep_potato
D:11:     layout_long_grid, david_lair_generic, orc_david_3
D:12:     layout_basic, chequers_serial_rivers_small_a

Skill      XL: |  1  2  3  4  5  6  7  8  9 10 11 |
---------------+----------------------------------+-----
Maces & Flails | 3 4 5 7 8 10 | 10.7
Armour         | 4 5 6 7 8 9 |  9.3
Fighting       | 4 5 7 8 9 |  9.1
Dodging        | 1 2 3 4 |  4.6
Shields        | 4 5 6 7 |  7.0
Stealth        | 1 2 |  2.1
Throwing       | |  0.1
Invocations    | |  0.7

Action                     |  1- 3 |  4- 6 |  7- 9 | 10-12 || total
---------------------------+-------+-------+-------+-------++-------
  Melee: Flail             |   109 |    22 |   114 |       ||   245
         Whip              |    23 |   183 |   485 |   551 ||  1242
  Throw: Dart              |       |       |     2 |       ||     2
 Invoke: Heroism           |       |       |       |     1 ||     1
 Armour: Scale mail        |   118 |   115 |   292 |    92 ||   617
         Chain mail        |       |       |       |   258 ||   258
  Dodge: Dodged            |    97 |    81 |   258 |   245 ||   681
  Block: Buckler           |    40 |    31 |    93 |   115 ||   279

Table legend: (Time is in decaauts)
 A = Elapsed time spent in this place.
 B = Non-inter-level travel time spent in this place.
 C = Inter-level travel time spent in this place.
 D = Time resting spent in this place.
 E = Time spent auto-exploring this place.
 F = Levels seen in this place.
 G = Mean time per level.
                   A        B        C        D        E       F      G
               +--------+--------+--------+--------+--------+-----+--------+
         Total |  11133 |  10859 |    274 |    495 |   8184 |  13 |  856.4 |
       Dungeon |  10589 |  10315 |    274 |    495 |   7823 |  12 |  882.4 |
         Sewer |    544 |    544 |      0 |      0 |    361 |   1 |  544.0 |
               +--------+--------+--------+--------+--------+-----+--------+

Top non-repeatable levels by time:
     D:8: 1211 daAuts
    D:11: 1096 daAuts
     D:4: 1093 daAuts
     D:7: 1039 daAuts
     D:3: 1019 daAuts
     D:1: 1018 daAuts
     D:9: 908 daAuts
     D:5: 906 daAuts
    D:10: 800 daAuts
     D:6: 745 daAuts
     D:2: 725 daAuts
   Sewer: 544 daAuts
    D:12: 21 daAuts
